 Dungeon Crawl Stone Soup version 0.30-b1-2-g02819fbbbe (webtiles) character file.

Game seed: 14113641668249284450

468 protoss039 the Digger (level 6, -1/47 HPs)
             Began as a Demonspawn Earth Elementalist on July 4, 2023.
             Slain by a gnoll sergeant
             ... wielding a +4 trident of protection
              (16 damage)
             ... on level 5 of the Dungeon.
             The game lasted 00:06:29 (3721 turns).

protoss039 the Digger (DsEE)                        Turns: 3721, Time: 00:06:30

Health: -1/47      AC:  4    Str:  8    XL:     6   Next: 81%
Magic:  2/11       EV: 11    Int: 19    God:
Gold:   255        SH:  4    Dex: 13    Spells: 6/12 levels left

rFire   x . .        h - +1 dagger (venom)
rCold   . . .        x - +0 buckler
rNeg    . . .        t - +1 robe "Mudomp Bair" {+Inv Fly rF- Will+++}
rPois   .            (no helmet)
rElec   .            (no cloak)
rCorr   .            (no gloves)
SInv    .            (no boots)
Will    +++..        (no amulet)
Stlth   ++           (no ring)
HPRegen 0.27/turn    (no ring)
MPRegen 0.24/turn

%: no passive effects
@: flying
A: magic regeneration, sharp scales 1
a: Evoke Invisibility


You were on level 5 of the Dungeon.
You visited 1 branch of the dungeon, and saw 5 of its levels.

You collected 255 gold pieces.

Inventory:

Hand Weapons
 h - a +1 dagger of venom (weapon)
 r - a +5 club
Armour
 t - the +1 robe "Mudomp Bair" (worn) {+Inv Fly rF- Will+++}
   (You found it on level 4 of the Dungeon)

   rF:        It makes you vulnerable to fire.
   +Inv:      It lets you turn invisible.
   Fly:       It grants you flight.
   Will:      It greatly increases your willpower.
 x - a +0 buckler (worn)
Jewellery
 w - a +6 ring of dexterity
Wands
 o - a wand of paralysis (4)
 q - a wand of flame (6)
Scrolls
 a - a scroll of blinking {unknown}
 c - a scroll of identify
 f - a scroll of enchant armour
 g - 2 scrolls of immolation
 i - 2 scrolls of fear
 j - a scroll of magic mapping
 n - a scroll of fog {unknown}
 s - 5 scrolls of teleportation {unknown}
 u - a scroll of torment {unknown}
 v - a scroll of vulnerability {unknown}
Potions
 b - a potion of magic
 d - a potion of invisibility {unknown}
 e - 2 potions of attraction
 k - 2 potions of flight {unknown}
 l - a potion of degeneration {unknown}
 m - a potion of heal wounds {unknown}
 p - a potion of curing {unknown}


   Skills:
 + Level 3.2 Fighting
 - Level 1.7 Dodging
 - Level 1.7 Stealth
 + Level 1.2 Shields
 + Level 3.7 Spellcasting
 * Level 3.0 Conjurations
 - Level 1.0 Transmutations
 + Level 4.1 Earth Magic


You had 6 spell levels left.
You knew the following spells:

 Your Spells              Type           Power      Damage    Failure   Level
a - Sandblast             Erth           38%        2d10      4%          1
b - Passwall              Tmut/Erth      10%        N/A       12%         2
c - Stone Arrow           Conj/Erth      34%        3d9       16%         3

Your spell library contained the following spells:

 Spells                   Type           Power      Damage    Failure   Level
 Apportation              Tloc           6%         N/A       22%         1
 Necrotise                Necr           12%        1d4       22%         1
 Summon Small Mammal      Summ           12%        N/A       22%         1
 Cigotuvi's Dreadful Rot  Necr/Pois/Air  6%         N/A       32%         2
 Ignite Poison            Fire/Tmut/Pois 4%         N/A       50%         3
 Call Canine Familiar     Summ           3%         N/A       54%         3
 Gell's Gravitas          Tloc           3%         N/A       54%         3
 Portal Projectile        Hex/Tloc       6%         N/A       54%         3
 Summon Guardian Golem    Hex/Summ       3%         N/A       54%         3
 Teleport Other           Tloc           3%         N/A       54%         3
 Petrify                  Tmut/Erth      13%        N/A       61%         4
 Freezing Cloud           Conj/Ice/Air   3%         6-21      99%         5


Dungeon Overview and Level Annotations

Branches:
Dungeon (5/15) Zot: 26225
 Temple: D:4-7

Altars:

Shops:
D:2 [


Innate Abilities, Weirdness & Mutations

You regenerate magic rapidly.
You are partially covered in razor-sharp scales. (AC +1, Slay +1)


Message History

Aim: a gnoll sergeant, wielding a +4 trident of protection and wearing a +0 scale mail (87% to hit)
The blast of sand hits the gnoll sergeant.
The gnoll sergeant is lightly wounded.
The gnoll sergeant hits you from afar with a +4 trident of protection! x2
Casting: Sandblast (safe; 4% risk of failure)
Confirm with . or Enter, or press ? or * to list all spells.
Aiming: Stone Arrow (dangerous; 16% risk of failure)
Press: ? - help, Shift-Dir - straight line, f/p - gnoll sergeant
Aim: a gnoll sergeant, wielding a +4 trident of protection and wearing a +0 scale mail (77% to hit)
The stone arrow hits the gnoll sergeant.
The gnoll sergeant is moderately wounded.
The gnoll sergeant closely misses you.
Unknown command.
Casting: Stone Arrow (dangerous; 16% risk of failure)
Confirm with . or Enter, or press ? or * to list all spells.
Aiming: Stone Arrow (dangerous; 16% risk of failure)
Press: ? - help, Shift-Dir - straight line, f/p - gnoll sergeant
Aim: a gnoll sergeant, wielding a +4 trident of protection and wearing a +0 scale mail (moderately wounded, 77% to hit)
The stone arrow hits the gnoll sergeant.
The gnoll sergeant is moderately wounded.
The gnoll sergeant hits you from afar with a +4 trident of protection.
* * * LOW HITPOINT WARNING * * *
Casting: Stone Arrow (dangerous; 16% risk of failure)
Confirm with . or Enter, or press ? or * to list all spells.
You don't have enough magic to cast this spell.
Unknown command.
Unknown command.
Okay, then.
Aiming: Paralyse
Press: ? - help, Shift-Dir - straight line, f/p - gnoll sergeant
Aim: a gnoll sergeant, wielding a +4 trident of protection and wearing a +0 scale mail (moderately wounded, chance to affect: 49%)
The gnoll sergeant resists with some effort.
The gnoll sergeant barely misses you.
Unknown command.
Aiming: Paralyse
Press: ? - help, Shift-Dir - straight line, f/p - gnoll sergeant
Aim: a gnoll sergeant, wielding a +4 trident of protection and wearing a +0 scale mail (moderately wounded, chance to affect: 49%)
The gnoll sergeant resists with some effort.
The gnoll sergeant hits you from afar with a +4 trident of protection!
You die...

#..........####.#.#...###
.####..####..>...............
..................##.#.#######
###.#...##...##.#.##........##
##.......#.........###.#####..#
...........######.....# ##..
....##..##.# ####..# ##... ##.#
#.....##### #..# #....
##..###....gg)@.## #### #....
..#.......#######..# #....
.......g.g# ##.# ###....
...$..)g...# #.# #####......
...........# #.####.....##...
...)......... #...##.....###..
.............# ###.##.....# ###
.............# #.......##
.............# ####.####


You could see a gnoll sergeant and a gnoll.

Vanquished Creatures
  A phantom (D:5)
  A scorpion (D:5)
  An orc priest (D:5)
  Ijyb (D:4)
  A sleepcap (D:4)
  Jessica (D:2)
  An iguana (D:4)
  2 orc wizards (D:5)
  4 adders
  3 gnolls (D:5)
  An ufetubus (D:2)
  A dart slug (D:2)
  9 orcs
  2 bats
  5 endoplasms
  5 giant cockroaches
  3 goblins
  4 hobgoblins
  4 jackals
  4 kobolds (D:4)
  5 quokkas
  5 ball pythons
  6 frilled lizards (D:1)
  7 rats
77 creatures vanquished.

Notes
Turn   | Place    | Note
-------+----------+-------------------------------------------
     0 | D:1      | protoss039 the Demonspawn Earth Elementalist began the
                  | quest for the Orb.
     0 | D:1      | Reached XP level 1. HP: 13/13 MP: 3/3
   292 | D:1      | Gained mutation: You are partially covered in razor-sharp
                  | scales. (AC +1, Slay +1) [demonic ancestry]
   292 | D:1      | Reached XP level 2. HP: 20/20 MP: 1/5
   420 | D:1      | Reached skill level 1 in Fighting
   505 | D:1      | Reached skill level 3 in Earth Magic
   719 | D:1      | Reached XP level 3. HP: 26/26 MP: 6/6
   993 | D:1      | Learned a level 2 spell: Passwall
  1101 | D:2      | Found a faded altar of an unknown god.
  1128 | D:2      | Found Elotenw Kadu's Antique Armour Boutique.
  1179 | D:2      | Noticed Jessica
  1183 | D:2      | Killed Jessica
  1228 | D:2      | Reached XP level 4. HP: 30/33 MP: 8/8
  1352 | D:2      | Got the Essays on Distance
  1847 | D:2      | Learned a level 3 spell: Stone Arrow
  2580 | D:4      | Noticed Ijyb
  2591 | D:4      | Killed Ijyb
  2592 | D:4      | Reached skill level 1 in Transmutations
  2756 | D:4      | Identified the +1 robe "Mudomp Bair" {+Inv Fly rF- Will+++}
  2792 | D:4      | Gained mutation: You regenerate magic rapidly. [demonic
                  | ancestry]
  2792 | D:4      | Reached XP level 5. HP: 39/39 MP: 7/9
  2821 | D:4      | Reached skill level 1 in Conjurations
  3453 | D:5      | Entered Level 5 of the Dungeon
  3464 | D:5      | Reached XP level 6. HP: 46/46 MP: 5/11
  3535 | D:5      | Reached skill level 1 in Shields
  3535 | D:5      | Reached skill level 4 in Earth Magic
  3721 | D:5      | Slain by a gnoll sergeant

Illustrated notes

Levels and vault maps discovered:
D:1:      lordsloth_arrival_two_stooges, layout_loops_ring, minivault_23
D:2:      layout_loops_corners, serial_shops, shop,
          ebering_ecumenical_altar_mist, uniq_jessica
D:3:      layout_loops_ring, corexii_hall_statues_i
D:4:      layout_basic, uniq_ijyb
D:5:      layout_rooms, gammafunk_temple_overflow_pools

Skill      XL: |  1  2  3  4  5  6 |
---------------+-------------------+-----
Fighting       | 1 2 3 |  3.2
Earth Magic    | 3 4 |  4.1
Spellcasting   | 3 |  3.7
Transmutations | 1 |  1.0
Conjurations   | 2 3 |  3.0
Shields        | 1 |  1.2
Dodging        | |  1.7
Stealth        | |  1.7

Action                     |  1- 3 |  4- 6 || total
---------------------------+-------+-------++-------
  Melee: Dagger            |    30 |    31 ||    61
         Unarmed           |     9 |       ||     9
   Cast: Sandblast         |    33 |    77 ||   110
         Stone Arrow       |       |     2 ||     2
  Evoke: Wand              |       |     2 ||     2
    Use: Scroll            |       |     6 ||     6
   Stab: Sleeping          |     4 |     4 ||     8
 Armour: Robe              |    14 |    18 ||    32
  Dodge: Dodged            |    24 |    61 ||    85
  Block: Buckler           |       |     1 ||     1
